Lightning vs Canadiens

Created - Monday, April 11, 2016 at 02:26

Goals
1 2 3 T
Lightning 2 0 3 5
Canadiens 1 0 0 1
Shots
1 2 3 T
Lightning 19 1 10 30
Canadiens 10 13 3 26

1st period

1. Canadiens , Joe Thornton 33 (Ben Lovejoy) at 6:58 (PP)
2. Lightning , Patric Hornqvist 43 (Dmitry Kulikov, Ryan Nugent-Hopkins) at 12:30
3. Lightning , John Mitchell 6 (Dmitry Kulikov, Ryan Suter) at 15:35

Penalties :
Ryan Suter (TB ) for Roughing (Minor) at 0:08, Ryan Strome (TB ) for Roughing (Minor) at 5:18, Brandon Dubinsky (TB ) for Tripping (Minor) at 7:05, Marc Methot (TB ) for Hooking (Minor) at 12:46, Jaromir Jagr (Mon) for Slashing (Minor) at 15:38

2nd period

No Goal

Penalties :
Alex Chiasson (TB ) for Goalie Interference (Minor) at 5:43, Braydon Coburn (Mon) for Hooking (Minor) at 9:08, Michael Stone (TB ) for Holding (Minor) at 12:53, Kevin Bieksa (Mon) for Hooking (Minor) at 16:31, Alex Chiasson (TB ) for Hooking (Minor) at 19:33

3rd period

4. Lightning , Ryan Nugent-Hopkins 48 (Alexander Steen, Dmitry Kulikov) at 6:29 (PP)
5. Lightning , Alexander Steen 53 (Ryan Nugent-Hopkins) at 11:54 (PP)
6. Lightning , Ondrej Palat 38 (Ryan Strome, Brandon Dubinsky) at 12:57 (PP)

Penalties :
Kevin Bieksa (Mon) for Slashing (Minor) at 4:31, Mike Ribeiro (Mon) for Tripping (Minor) at 10:59, Ryan Callahan (Mon) for Goalie Interference (Minor) at 12:21, Francois Beauchemin (Mon) for Roughing (Minor) at 13:59, Kevin Bieksa (Mon) for Holding Stick (Minor) at 19:32

Goalie Stats

Carey Price (TB ), 25 saves from 26 shots - (0.962), W, 45-19-7, 60:00 minutes
Curtis McElhinney (Mon), 25 saves from 30 shots - (0.833), L, 10-3-1, 60:00 minutes

Players Stats for Lightning

Player Name              G  A  P  +/- PIM S  H  SB GA TA FO     MP     PP MP  PK MP  
------------------------------------------------------------------------------------
Alex Chiasson            0  0  0   1  4   0  0  0  0  0  0/0    12:22   0:00   0:00 
Alexander Steen          1  1  2   1  0   3  0  0  3  0  0/0    19:39   6:00   0:56 
Brandon Dubinsky         0  1  1   0  2   1  2  0  2  0  9/16   21:41   6:15   6:02 
Derek MacKenzie          0  0  0   0  0   0  0  0  0  1  8/16   13:28   0:00   6:36 
Dmitry Kulikov           0  3  3   2  0   3  1  1  0  3  0/0    24:37   4:22   7:15 
Jiri Tlusty              0  0  0   1  0   4  0  0  2  0  0/0    11:05   0:00   0:00 
John Mitchell            1  0  1   1  0   1  1  0  1  0  2/5    11:05   0:00   0:00 
Marc Methot              0  0  0   2  2   1  2  3  0  1  0/0    22:04   4:22   5:32 
Matt Calvert             0  0  0   0  0   0  1  0  2  0  0/0    12:54   0:00   6:58 
Mattias Ekholm           0  0  0   0  0   0  0  0  0  0  0/0     0:00   0:00   0:00 
Michael Stone            0  0  0   0  2   0  1  1  0  0  0/0    11:09   0:00   0:00 
Ondrej Palat             1  0  1   0  0   4  2  1  3  0  0/0    15:01   6:22   0:00 
Patric Hornqvist         1  0  1   1  0   3  2  0  1  0  0/0    12:41   5:30   0:00 
Roman Polak              0  0  0   0  0   0  1  2  0  2  0/0    20:28   0:00   7:49 
Ryan Nugent-Hopkins      1  2  3   1  0   6  0  0  1  0  8/16   20:36   5:07   6:36 
Ryan Strome              0  1  1   0  2   1  1  0  3  0  0/0    15:00   6:22   0:00 
Ryan Suter               0  1  1   0  2   2  1  1  1  1  0/0    24:54   7:30   6:32 
Tyson Barrie             0  0  0   0  0   1  0  0  0  1  0/0    17:30   7:30   0:00 

Players Stats for Canadiens

Player Name              G  A  P  +/- PIM S  H  SB GA TA FO     MP     PP MP  PK MP  
------------------------------------------------------------------------------------
Alex Goligoski           0  0  0  -1  0   2  1  3  0  1  0/0    28:17   9:06   6:27 
Ben Lovejoy              0  1  1  -1  0   2  3  1  0  1  0/0    22:26   4:28   5:25 
Braydon Coburn           0  0  0  -1  2   1  2  1  0  1  0/0    22:05   4:28   5:11 
Dennis Seidenberg        0  0  0  -1  0   0  0  1  0  1  0/0    19:58   0:00   5:25 
Francois Beauchemin      0  0  0   0  2   2  2  2  0  1  0/0    20:21   9:06   1:16 
Gregory Campbell         0  0  0   0  0   1  3  1  0  1  2/2    15:28   0:00   9:09 
Jaromir Jagr             0  0  0  -1  2   0  0  0  1  0  0/0    12:25   0:00   0:30 
Joe Thornton             1  0  1   0  0   3  1  1  3  1  13/20  19:24   7:22   2:13 
Justin Abdelkader        0  0  0   0  0   7  2  0  7  1  0/0    18:38   7:22   2:13 
Justin Fontaine          0  0  0   0  0   0  0  0  0  0  0/0     1:23   0:00   0:00 
Kevin Bieksa             0  0  0   0  6   0  0  0  0  1  0/0     8:21   0:00   0:00 
Mathieu Perreault        0  0  0  -1  0   3  2  0  1  0  0/0    19:57   6:12   1:01 
Maxim Lapierre           0  0  0  -1  0   0  0  0  0  1  4/11   17:08   0:00   8:38 
Mike Ribeiro             0  0  0  -1  2   2  2  0  0  0  7/16   16:13   6:12   0:00 
Patrick Dwyer            0  0  0   0  0   0  2  0  0  0  0/0     5:13   0:00   0:00 
Patrick Eaves            0  0  0  -1  0   2  0  0  0  0  0/0     8:04   0:00   0:00 
Radim Vrbata             0  0  0   0  0   1  1  0  1  0  0/2    16:21   7:22   0:00 
Ryan Callahan            0  0  0  -1  2   0  3  0  4  0  0/2    16:13   6:12   0:00 

3 Stars

1 - Ryan Nugent-Hopkins (TB )
2 - Dmitry Kulikov (TB )
3 - Carey Price (TB )

Power Play

Lightning - 3 on 8 Attempt(s) - 37.50%
Canadiens - 1 on 7 Attempt(s) - 14.29%

Penalty Kill

Lightning - 6 on 7 Attempt(s) - 85.71% - Score 0 goal in Penalty Kill
Canadiens - 5 on 8 Attempt(s) - 62.50% - Score 0 goal in Penalty Kill

Team Stat

Lightning - Hits : 15 - Faceoff Wins : 27 - Blocked Shots : 9 - Penalty Minutes : 14
Canadiens - Hits : 24 - Faceoff Wins : 26 - Blocked Shots : 10 - Penalty Minutes : 16

Official

Referees : Unknown
Linesman : Unknown

Game Notes

Justin Fontaine is injured at 12:10 of 1st period (Torso)

Finance

Level 1 -- Attendance: 5238 (87.30%) -- Ticket Income $429,516
Level 2 -- Attendance: 4340 (86.80%) -- Ticket Income $217,000
Level 3 -- Attendance: 1820 (91.00%) -- Ticket Income $50,960
Level 4 -- Attendance: 3599 (89.98%) -- Ticket Income $61,183
Luxury Box -- Attendance: 958 (95.80%) -- Ticket Income $167,650
Game was played at the Bell Centre.
Total Attendance: 15955 (88.64%)
Total Ticket Income: $926,309
Other Income: $453,891
Total Income: $1,380,200

Lightning

5 vs 5 Forward 
   Center                   Left Wing                Right Wing               Time % Phy DF OF 
 1 Ryan Nugent-Hopkins      Alexander Steen          Patric Hornqvist         30     0   2  3  
 2 Brandon Dubinsky         Ondrej Palat             Ryan Strome              30     1   2  2  
 3 John Mitchell            Jiri Tlusty              Alex Chiasson            20     1   2  2  
 4 Derek MacKenzie          Matt Calvert             Alexander Steen          20     1   2  2  

5 vs 5 Defense 
   Defense                  Defense                                           Time % Phy DF OF 
 1 Ryan Suter               Tyson Barrie                                      34     1   2  2  
 2 Dmitry Kulikov           Marc Methot                                       33     1   2  2  
 3 Roman Polak              Michael Stone                                     33     1   2  2  
 4 Ryan Suter               Tyson Barrie                                      0      1   2  2  

PowerPlay Forward 
   Center                   Left Wing                Right Wing               Time % Phy DF OF 
 1 Ryan Nugent-Hopkins      Alexander Steen          Patric Hornqvist         50     0   1  4  
 2 Brandon Dubinsky         Ondrej Palat             Ryan Strome              50     0   1  4  

PowerPlay Defense
   Defense                  Defense                                           Time % Phy DF OF 
 1 Ryan Suter               Tyson Barrie                                      60     1   2  2  
 2 Dmitry Kulikov           Marc Methot                                       40     1   2  2  

Penalty Kill 4 Players Forward 
   Center                   Wing                     Time % Phy DF OF 
 1 Derek MacKenzie          Ryan Nugent-Hopkins      50     1   4  0  
 2 Brandon Dubinsky         Matt Calvert             50     1   4  0  

Penalty Kill 4 Players Defense
   Defense                  Defense                  Time % Phy DF OF 
 1 Dmitry Kulikov           Roman Polak              50     1   4  0  
 2 Ryan Suter               Marc Methot              50     1   4  0  

Penalty Kill - 3 Players Forward 
   Forward                                           Time % Phy DF OF 
 1 Derek MacKenzie                                   50     1   4  0  
 2 Brandon Dubinsky                                  50     1   4  0  

Penalty Kill - 3 Players Defense
   Defense                  Defense                  Time % Phy DF OF 
 1 Dmitry Kulikov           Roman Polak              50     1   4  0  
 2 Ryan Suter               Marc Methot              50     1   4  0  

4 vs 4 Forward 
   Center                   Wing                     Time % Phy DF OF 
 1 Ryan Nugent-Hopkins      Patric Hornqvist         50     1   2  2  
 2 Brandon Dubinsky         Ondrej Palat             50     1   2  2  

4 vs 4 Defense
   Defense                  Defense                  Time % Phy DF OF 
 1 Ryan Suter               Tyson Barrie             50     1   2  2  
 2 Dmitry Kulikov           Marc Methot              50     1   2  2  

Last Minutes Offensive
   Center                   Left Wing                Right Wing               Defense                  Defense                  
   Ryan Nugent-Hopkins      Alexander Steen          Patric Hornqvist         Ryan Suter               Tyson Barrie             

Last Minutes Defensive
   Center                   Left Wing                Right Wing               Defense                  Defense                  
   Brandon Dubinsky         Alexander Steen          Ryan Nugent-Hopkins      Ryan Suter               Roman Polak              

Goaltenders
Starting : Carey Price              
Backup : Mike Smith               

Extra Forwards
Normal : Ryan Nugent-Hopkins, Patric Hornqvist, Brandon Dubinsky - PP : Ryan Nugent-Hopkins, Patric Hornqvist - PK : Brandon Dubinsky
Extra Defensemen
Normal : Ryan Suter, Dmitry Kulikov, Marc Methot - PP : Ryan Suter - PK : Roman Polak, Ryan Suter
Penalty Shots
Alexander Steen, Derek MacKenzie, Ryan Strome, Ryan Nugent-Hopkins, Patric Hornqvist

Canadiens

5 vs 5 Forward 
   Center                   Left Wing                Right Wing               Time % Phy DF OF 
 1 Joe Thornton             Justin Abdelkader        Radim Vrbata             31     1   1  3  
 2 Mike Ribeiro             Mathieu Perreault        Ryan Callahan            31     1   1  3  
 3 Maxim Lapierre           Patrick Eaves            Jaromir Jagr             27     1   2  2  
 4 Gregory Campbell         Patrick Dwyer            Justin Fontaine          11     1   3  1  

5 vs 5 Defense 
   Defense                  Defense                                           Time % Phy DF OF 
 1 Alex Goligoski           Dennis Seidenberg                                 40     1   2  2  
 2 Francois Beauchemin      Braydon Coburn                                    34     1   2  2  
 3 Kevin Bieksa             Ben Lovejoy                                       26     1   3  1  
 4 Francois Beauchemin      Dennis Seidenberg                                 0      1   2  2  

PowerPlay Forward 
   Center                   Left Wing                Right Wing               Time % Phy DF OF 
 1 Joe Thornton             Justin Abdelkader        Radim Vrbata             55     1   1  3  
 2 Mike Ribeiro             Mathieu Perreault        Ryan Callahan            45     1   1  3  

PowerPlay Defense
   Defense                  Defense                                           Time % Phy DF OF 
 1 Alex Goligoski           Francois Beauchemin                               60     1   1  3  
 2 Ben Lovejoy              Braydon Coburn                                    40     1   2  2  

Penalty Kill 4 Players Forward 
   Center                   Wing                     Time % Phy DF OF 
 1 Maxim Lapierre           Gregory Campbell         60     1   3  1  
 2 Joe Thornton             Justin Abdelkader        40     1   3  1  

Penalty Kill 4 Players Defense
   Defense                  Defense                  Time % Phy DF OF 
 1 Braydon Coburn           Alex Goligoski           60     1   3  1  
 2 Ben Lovejoy              Dennis Seidenberg        40     1   3  1  

Penalty Kill - 3 Players Forward 
   Forward                                           Time % Phy DF OF 
 1 Maxim Lapierre                                    60     1   3  1  
 2 Gregory Campbell                                  40     1   3  1  

Penalty Kill - 3 Players Defense
   Defense                  Defense                  Time % Phy DF OF 
 1 Braydon Coburn           Alex Goligoski           60     1   3  1  
 2 Ben Lovejoy              Dennis Seidenberg        40     1   3  1  

4 vs 4 Forward 
   Center                   Wing                     Time % Phy DF OF 
 1 Mike Ribeiro             Justin Abdelkader        60     1   2  2  
 2 Mathieu Perreault        Ryan Callahan            40     1   2  2  

4 vs 4 Defense
   Defense                  Defense                  Time % Phy DF OF 
 1 Alex Goligoski           Dennis Seidenberg        60     1   2  2  
 2 Braydon Coburn           Francois Beauchemin      40     1   2  2  

Last Minutes Offensive
   Center                   Left Wing                Right Wing               Defense                  Defense                  
   Joe Thornton             Justin Abdelkader        Radim Vrbata             Alex Goligoski           Francois Beauchemin      

Last Minutes Defensive
   Center                   Left Wing                Right Wing               Defense                  Defense                  
   Joe Thornton             Maxim Lapierre           Gregory Campbell         Alex Goligoski           Braydon Coburn           

Goaltenders
Starting : Curtis McElhinney        
Backup : Pekka Rinne              

Extra Forwards
Normal : Jaromir Jagr, Mathieu Perreault, Joe Thornton - PP : Jaromir Jagr, Mike Ribeiro - PK : Jaromir Jagr
Extra Defensemen
Normal : Francois Beauchemin, Braydon Coburn, Alex Goligoski - PP : Dennis Seidenberg - PK : Francois Beauchemin, Alex Goligoski
Penalty Shots
Radim Vrbata, Maxim Lapierre, Justin Abdelkader, Mike Ribeiro, Joe Thornton

% Time on Ice - Lightning

Lines # - Real PCT - Wanted PCT - Time Play
Normal Forward
1 - 26% - 30% - 8:53
2 - 27% - 30% - 9:25
3 - 32% - 20% - 11:06
4 - 15% - 20% - 5:10
Normal Defense
1 - 34% - 34% - 11:35
2 - 34% - 33% - 11:54
3 - 32% - 33% - 11:05
4 - 0% - 0% - 0:00
PP Forward
1 - 46% - 50% - 5:30
2 - 54% - 50% - 6:22
PP Defense
1 - 63% - 60% - 7:30
2 - 37% - 40% - 4:22
PK Forward
1 - 49% - 50% - 6:36
2 - 51% - 50% - 6:58
PK Defense
1 - 50% - 50% - 6:47
2 - 50% - 50% - 6:47
PK3 Forward
1 - 0% - 50%
2 - 0% - 50%
PK3 Defense
1 - 0% - 50%
2 - 0% - 50%
44 Forward
1 - 0% - 50%
2 - 0% - 50%
44 Defense
1 - 0% - 50%
2 - 0% - 50%
Last Minute Offensive  - 0:00
Last Minute Defensive  - 0:00
Total
Forward - 60:00
Defense - 60:00

% Time on Ice - Canadiens

Lines # - Real PCT - Wanted PCT - Time Play
Normal Forward
1 - 32% - 31% - 11:10
2 - 29% - 31% - 10:06
3 - 23% - 27% - 8:04
4 - 15% - 11% - 5:14
Normal Defense
1 - 37% - 40% - 12:45
2 - 37% - 34% - 12:39
3 - 24% - 26% - 8:20
4 - 2% - 0% - 0:50
PP Forward
1 - 54% - 55% - 7:22
2 - 46% - 45% - 6:12
PP Defense
1 - 67% - 60% - 9:06
2 - 33% - 40% - 4:28
PK Forward
1 - 81% - 60% - 9:39
2 - 19% - 40% - 2:13
PK Defense
1 - 54% - 60% - 6:27
2 - 46% - 40% - 5:25
PK3 Forward
1 - 0% - 60%
2 - 0% - 40%
PK3 Defense
1 - 0% - 60%
2 - 0% - 40%
44 Forward
1 - 0% - 60%
2 - 0% - 40%
44 Defense
1 - 0% - 60%
2 - 0% - 40%
Last Minute Offensive  - 0:00
Last Minute Defensive  - 0:00
Total
Forward - 60:00
Defense - 60:00

Play by Play

1st period


0:01 of 1st period - Joe Thornton wins face-off versus Ryan Nugent-Hopkins in neutral zone.
0:06 of 1st period - Snap shot by Radim Vrbata.
0:06 of 1st period - Stopped by Carey Price with a rebound.
0:08 of 1st period - Minor Penalty to Ryan Suter for Roughing.
0:09 of 1st period - Joe Thornton wins face-off versus Derek MacKenzie in Lightning zone.
0:14 of 1st period - Snap shot by Joe Thornton.
0:14 of 1st period - Shot Misses the Net.
0:16 of 1st period - Slapshot by Alex Goligoski.
0:16 of 1st period - Stopped by Carey Price without a rebound.
0:17 of 1st period - Derek MacKenzie wins face-off versus Joe Thornton in Lightning zone.
1:12 of 1st period - Dmitry Kulikov is hit by Mike Ribeiro and loses puck.
2:08 of 1st period - Penalty to Ryan Suter is over, Ryan Suter is back on ice.
2:38 of 1st period - Snap shot by Patrick Eaves.
2:38 of 1st period - Stopped by Carey Price without a rebound.
2:39 of 1st period - Maxim Lapierre wins face-off versus John Mitchell in Lightning zone.
3:34 of 1st period - Justin Fontaine is hit by Brandon Dubinsky and loses puck.
3:39 of 1st period - Wrist shot by Brandon Dubinsky.
3:39 of 1st period - Shot Blocked by Francois Beauchemin.
3:41 of 1st period - Snap shot by Ryan Strome.
3:41 of 1st period - Stopped by Curtis McElhinney with a rebound.
3:43 of 1st period - Slapshot by Dmitry Kulikov.
3:43 of 1st period - Deflect By Braydon Coburn.
3:43 of 1st period - Stopped by Curtis McElhinney with a rebound.
4:01 of 1st period - Slapshot by Francois Beauchemin.
4:01 of 1st period - Deflect By Justin Fontaine.
4:01 of 1st period - Shot Blocked by Marc Methot.
4:01 of 1st period - Puck is out of play.
4:02 of 1st period - Joe Thornton wins face-off versus Ryan Nugent-Hopkins in Lightning zone.
4:21 of 1st period - Wrist shot by Patric Hornqvist.
4:21 of 1st period - Shot Misses the Net.
4:23 of 1st period - Wrist shot by Alexander Steen.
4:23 of 1st period - Shot Blocked by Alex Goligoski.
4:25 of 1st period - Snap shot by Ryan Suter.
4:25 of 1st period - Shot Blocked by Dennis Seidenberg.
4:27 of 1st period - Snap shot by Alexander Steen.
4:27 of 1st period - Shot Misses the Net.
4:29 of 1st period - Snap shot by Tyson Barrie.
4:29 of 1st period - Stopped by Curtis McElhinney without a rebound.
4:30 of 1st period - Derek MacKenzie wins face-off versus Mike Ribeiro in Canadiens zone.
4:37 of 1st period - Snap shot by Mike Ribeiro.
4:37 of 1st period - Shot Misses the Net.
4:39 of 1st period - Slapshot by Braydon Coburn.
4:39 of 1st period - Shot Misses the Net.
4:41 of 1st period - Wrist shot by Braydon Coburn.
4:41 of 1st period - Shot Blocked by Roman Polak.
4:43 of 1st period - Wrist shot by Mike Ribeiro.
4:43 of 1st period - Stopped by Carey Price with a rebound.
4:45 of 1st period - Slapshot by Francois Beauchemin.
4:45 of 1st period - Stopped by Carey Price with a rebound.
4:47 of 1st period - Snap shot by Mathieu Perreault.
4:47 of 1st period - Shot Blocked by Michael Stone.
4:49 of 1st period - Backhand shot by Braydon Coburn.
4:49 of 1st period - Deflect By Michael Stone.
4:49 of 1st period - Stopped by Carey Price with a rebound.
5:05 of 1st period - Backhand shot by Mathieu Perreault.
5:05 of 1st period - Stopped by Carey Price without a rebound.
5:06 of 1st period - Joe Thornton wins face-off versus Brandon Dubinsky in Lightning zone.
5:18 of 1st period - Minor Penalty to Ryan Strome for Roughing.
5:19 of 1st period - Joe Thornton wins face-off versus Derek MacKenzie in Lightning zone.
5:41 of 1st period - Snap shot by Justin Abdelkader.
5:41 of 1st period - Stopped by Carey Price with a rebound.
5:55 of 1st period - Snap shot by Brandon Dubinsky.
5:55 of 1st period - Stopped by Curtis McElhinney without a rebound.
5:56 of 1st period - Derek MacKenzie wins face-off versus Mike Ribeiro in Canadiens zone.
5:59 of 1st period - Snap shot by Ryan Nugent-Hopkins.
5:59 of 1st period - Stopped by Curtis McElhinney without a rebound.
6:00 of 1st period - Mike Ribeiro wins face-off versus Derek MacKenzie in Canadiens zone.
6:06 of 1st period - Off-side.
6:07 of 1st period - Derek MacKenzie wins face-off versus Mike Ribeiro in neutral zone.
6:58 of 1st period - Wrist shot by Joe Thornton.
6:58 of 1st period - Goal by Joe Thornton - Lightning : 0 - Canadiens : 1.
6:59 of 1st period - Brandon Dubinsky wins face-off versus Radim Vrbata in neutral zone.
7:05 of 1st period - Minor Penalty to Brandon Dubinsky for Tripping.
7:06 of 1st period - Joe Thornton wins face-off versus Derek MacKenzie in Lightning zone.
7:58 of 1st period - Alex Goligoski is hit by Marc Methot.
8:27 of 1st period - Roman Polak is hit by Ryan Callahan.
8:31 of 1st period - Mathieu Perreault is hit by Marc Methot and loses puck.
8:38 of 1st period - Ryan Suter is hit by Mathieu Perreault.
8:48 of 1st period - Ryan Suter is hit by Francois Beauchemin and loses puck.
9:05 of 1st period - Penalty to Brandon Dubinsky is over, Brandon Dubinsky is back on ice.
10:20 of 1st period - Alex Goligoski is hit by Ondrej Palat and loses puck.
10:27 of 1st period - Marc Methot is hit by Gregory Campbell and loses puck.
10:36 of 1st period - Kevin Bieksa is hit by Dmitry Kulikov and loses puck.
10:43 of 1st period - Slapshot by Ryan Strome.
10:43 of 1st period - Shot Misses the Net.
10:45 of 1st period - Slapshot by Ryan Suter.
10:45 of 1st period - Stopped by Curtis McElhinney without a rebound.
10:46 of 1st period - Ryan Nugent-Hopkins wins face-off versus Ryan Callahan in Canadiens zone.
12:09 of 1st period - Justin Fontaine is hit by Roman Polak.
12:10 of 1st period - Justin Fontaine from Canadiens is injured at 12:10 of 1st period (Torso).
12:11 of 1st period - Ryan Nugent-Hopkins wins face-off versus Mike Ribeiro in Canadiens zone.
12:22 of 1st period - Slapshot by Ryan Nugent-Hopkins.
12:22 of 1st period - Stopped by Curtis McElhinney without a rebound.
12:23 of 1st period - Ryan Nugent-Hopkins wins face-off versus Mike Ribeiro in Canadiens zone.
12:26 of 1st period - Wrist shot by Patric Hornqvist.
12:26 of 1st period - Stopped by Curtis McElhinney with a rebound.
12:28 of 1st period - Snap shot by Dmitry Kulikov.
12:28 of 1st period - Deflect By Dennis Seidenberg.
12:28 of 1st period - Stopped by Curtis McElhinney with a rebound.
12:30 of 1st period - Snap shot by Patric Hornqvist.
12:30 of 1st period - Goal by Patric Hornqvist - Lightning : 1 - Canadiens : 1.
12:31 of 1st period - Joe Thornton wins face-off versus Derek MacKenzie in neutral zone.
12:46 of 1st period - Minor Penalty to Marc Methot for Hooking.
12:47 of 1st period - Derek MacKenzie wins face-off versus Joe Thornton in Lightning zone.
12:47 of 1st period - Derek MacKenzie is hit by Francois Beauchemin.
13:22 of 1st period - Snap shot by Joe Thornton.
13:22 of 1st period - Stopped by Carey Price with a rebound.
13:24 of 1st period - Wrist shot by Joe Thornton.
13:24 of 1st period - Shot Misses the Net.
13:47 of 1st period - Derek MacKenzie is hit by Ryan Callahan and loses puck.
14:00 of 1st period - Derek MacKenzie is hit by Mathieu Perreault and loses puck.
14:46 of 1st period - Penalty to Marc Methot is over, Marc Methot is back on ice.
15:21 of 1st period - Snap shot by Jiri Tlusty.
15:21 of 1st period - Stopped by Curtis McElhinney with a rebound.
15:23 of 1st period - Snap shot by Alex Chiasson.
15:23 of 1st period - Shot Blocked by Braydon Coburn.
15:25 of 1st period - Wrist shot by Jiri Tlusty.
15:25 of 1st period - Shot Misses the Net.
15:27 of 1st period - Backhand shot by Tyson Barrie.
15:27 of 1st period - Shot Misses the Net.
15:29 of 1st period - Wrist shot by Alex Chiasson.
15:29 of 1st period - Shot Hit the Post.
15:31 of 1st period - Snap shot by Ryan Suter.
15:31 of 1st period - Stopped by Curtis McElhinney with a rebound.
15:33 of 1st period - Snap shot by Dmitry Kulikov.
15:33 of 1st period - Shot Blocked by Ben Lovejoy.
15:35 of 1st period - Snap shot by John Mitchell.
15:35 of 1st period - Goal by John Mitchell - Lightning : 2 - Canadiens : 1.
15:36 of 1st period - Gregory Campbell wins face-off versus Ryan Nugent-Hopkins in neutral zone.
15:38 of 1st period - Minor Penalty to Jaromir Jagr for Slashing.
15:39 of 1st period - Maxim Lapierre wins face-off versus Ryan Nugent-Hopkins in Canadiens zone.
16:04 of 1st period - Wrist shot by Patric Hornqvist.
16:04 of 1st period - Shot Misses the Net.
16:10 of 1st period - Snap shot by Ryan Nugent-Hopkins.
16:10 of 1st period - Stopped by Curtis McElhinney with a rebound.
16:32 of 1st period - Maxim Lapierre is hit by Brandon Dubinsky and loses puck.
17:19 of 1st period - Wrist shot by Alexander Steen.
17:19 of 1st period - Stopped by Curtis McElhinney with a rebound.
17:21 of 1st period - Slapshot by Marc Methot.
17:21 of 1st period - Stopped by Curtis McElhinney with a rebound.
17:23 of 1st period - Slapshot by Ryan Nugent-Hopkins.
17:23 of 1st period - Stopped by Curtis McElhinney with a rebound.
17:25 of 1st period - Snap shot by Ryan Nugent-Hopkins.
17:25 of 1st period - Stopped by Curtis McElhinney with a rebound.
17:38 of 1st period - Penalty to Jaromir Jagr is over, Jaromir Jagr is back on ice.
18:15 of 1st period - Slapshot by Jiri Tlusty.
18:15 of 1st period - Stopped by Curtis McElhinney with a rebound.
18:17 of 1st period - Slapshot by Michael Stone.
18:17 of 1st period - Deflect By John Mitchell.
18:17 of 1st period - Shot Misses the Net.
18:17 of 1st period - Puck is out of play.
18:18 of 1st period - Mike Ribeiro wins face-off versus Derek MacKenzie in Canadiens zone.
Goals for this period are 2 for Lightning vs 1 for Canadiens.
Shots for this period are 19 for Lightning vs 10 for Canadiens.

2nd period


0:01 of 2nd period - Mike Ribeiro wins face-off versus Ryan Nugent-Hopkins in neutral zone.
0:12 of 2nd period - Snap shot by Mathieu Perreault.
0:12 of 2nd period - Shot Misses the Net.
1:21 of 2nd period - Braydon Coburn is hit by Ondrej Palat and loses puck.
2:05 of 2nd period - Slapshot by Patrick Eaves.
2:05 of 2nd period - Stopped by Carey Price with a rebound.
2:35 of 2nd period - Matt Calvert is hit by Patrick Dwyer and loses puck.
2:56 of 2nd period - Michael Stone is hit by Gregory Campbell and loses puck.
3:22 of 2nd period - Off-side.
3:23 of 2nd period - Brandon Dubinsky wins face-off versus Mike Ribeiro in neutral zone.
3:26 of 2nd period - Snap shot by Brandon Dubinsky.
3:26 of 2nd period - Shot Misses the Net.
3:28 of 2nd period - Slapshot by Ryan Strome.
3:28 of 2nd period - Shot Misses the Net.
4:40 of 2nd period - Wrist shot by Justin Abdelkader.
4:40 of 2nd period - Stopped by Carey Price without a rebound.
4:41 of 2nd period - Joe Thornton wins face-off versus Ryan Nugent-Hopkins in Lightning zone.
4:42 of 2nd period - Snap shot by Radim Vrbata.
4:42 of 2nd period - Shot Misses the Net.
4:44 of 2nd period - Slapshot by Kevin Bieksa.
4:44 of 2nd period - Shot Misses the Net.
4:46 of 2nd period - Wrist shot by Joe Thornton.
4:46 of 2nd period - Shot Blocked by Marc Methot.
4:55 of 2nd period - Snap shot by Justin Abdelkader.
4:55 of 2nd period - Stopped by Carey Price without a rebound.
4:56 of 2nd period - Maxim Lapierre wins face-off versus Brandon Dubinsky in Lightning zone.
5:01 of 2nd period - Wrist shot by Patrick Eaves.
5:01 of 2nd period - Shot Misses the Net.
5:13 of 2nd period - Wrist shot by Patrick Eaves.
5:13 of 2nd period - Shot Blocked by Ondrej Palat.
5:43 of 2nd period - Minor Penalty to Alex Chiasson for Goalie Interference.
5:44 of 2nd period - Derek MacKenzie wins face-off versus Joe Thornton in Lightning zone.
5:56 of 2nd period - Wrist shot by Justin Abdelkader.
5:56 of 2nd period - Stopped by Carey Price without a rebound.
5:57 of 2nd period - Derek MacKenzie wins face-off versus Joe Thornton in Lightning zone.
6:40 of 2nd period - Ryan Callahan is hit by Ryan Suter and loses puck.
6:57 of 2nd period - Snap shot by Mathieu Perreault.
6:57 of 2nd period - Stopped by Carey Price with a rebound.
6:59 of 2nd period - Slapshot by Braydon Coburn.
6:59 of 2nd period - Shot Blocked by Ryan Suter.
7:01 of 2nd period - Slapshot by Braydon Coburn.
7:01 of 2nd period - Shot Misses the Net.
7:03 of 2nd period - Wrist shot by Mike Ribeiro.
7:03 of 2nd period - Shot Blocked by Marc Methot.
7:05 of 2nd period - Slapshot by Ben Lovejoy.
7:05 of 2nd period - Stopped by Carey Price with a rebound.
7:09 of 2nd period - Wrist shot by Mike Ribeiro.
7:09 of 2nd period - Shot Hit the Post.
7:11 of 2nd period - Slapshot by Ben Lovejoy.
7:11 of 2nd period - Stopped by Carey Price without a rebound.
7:12 of 2nd period - Joe Thornton wins face-off versus Derek MacKenzie in Lightning zone.
7:43 of 2nd period - Penalty to Alex Chiasson is over, Alex Chiasson is back on ice.
8:50 of 2nd period - Wrist shot by Mathieu Perreault.
8:50 of 2nd period - Stopped by Carey Price with a rebound.
8:52 of 2nd period - Snap shot by Patrick Dwyer.
8:52 of 2nd period - Shot Misses the Net.
8:54 of 2nd period - Wrist shot by Gregory Campbell.
8:54 of 2nd period - Stopped by Carey Price without a rebound.
8:55 of 2nd period - Joe Thornton wins face-off versus Brandon Dubinsky in Lightning zone.
8:56 of 2nd period - Snap shot by Justin Abdelkader.
8:56 of 2nd period - Stopped by Carey Price without a rebound.
8:57 of 2nd period - Joe Thornton wins face-off versus Brandon Dubinsky in Lightning zone.
9:08 of 2nd period - Minor Penalty to Braydon Coburn for Hooking.
9:09 of 2nd period - Gregory Campbell wins face-off versus Brandon Dubinsky in Canadiens zone.
10:10 of 2nd period - Slapshot by Dmitry Kulikov.
10:10 of 2nd period - Shot Blocked by Alex Goligoski.
10:20 of 2nd period - Dmitry Kulikov is hit by Gregory Campbell and loses puck.
11:08 of 2nd period - Penalty to Braydon Coburn is over, Braydon Coburn is back on ice.
12:19 of 2nd period - Justin Abdelkader is hit by Matt Calvert and loses puck.
12:41 of 2nd period - Snap shot by Justin Abdelkader.
12:41 of 2nd period - Stopped by Carey Price with a rebound.
12:51 of 2nd period - Wrist shot by Justin Abdelkader.
12:51 of 2nd period - Shot Blocked by Roman Polak.
12:53 of 2nd period - Minor Penalty to Michael Stone for Holding.
12:54 of 2nd period - Mike Ribeiro wins face-off versus Derek MacKenzie in Lightning zone.
13:37 of 2nd period - Brandon Dubinsky is hit by Justin Abdelkader and loses puck.
13:57 of 2nd period - Wrist shot by Ryan Callahan.
13:57 of 2nd period - Deflect By Mike Ribeiro.
13:57 of 2nd period - Shot Misses the Net.
13:57 of 2nd period - Puck is out of play.
13:58 of 2nd period - Mike Ribeiro wins face-off versus Brandon Dubinsky in Lightning zone.
14:53 of 2nd period - Penalty to Michael Stone is over, Michael Stone is back on ice.
15:11 of 2nd period - Alex Chiasson is hit by Ben Lovejoy and loses puck.
16:31 of 2nd period - Minor Penalty to Kevin Bieksa for Hooking.
16:32 of 2nd period - Brandon Dubinsky wins face-off versus Maxim Lapierre in Canadiens zone.
17:32 of 2nd period - Ben Lovejoy is hit by Patric Hornqvist and loses puck.
18:12 of 2nd period - Dmitry Kulikov is hit by Ben Lovejoy and loses puck.
18:25 of 2nd period - Ryan Suter is hit by Joe Thornton and loses puck.
18:31 of 2nd period - Penalty to Kevin Bieksa is over, Kevin Bieksa is back on ice.
18:32 of 2nd period - Wrist shot by Patric Hornqvist.
18:32 of 2nd period - Stopped by Curtis McElhinney with a rebound.
18:34 of 2nd period - Slapshot by Dmitry Kulikov.
18:34 of 2nd period - Deflect By Ryan Nugent-Hopkins.
18:34 of 2nd period - Shot Misses the Net.
18:34 of 2nd period - Puck is out of play.
18:35 of 2nd period - Ryan Nugent-Hopkins wins face-off versus Radim Vrbata in Canadiens zone.
18:59 of 2nd period - Snap shot by Braydon Coburn.
18:59 of 2nd period - Shot Misses the Net.
19:01 of 2nd period - Slapshot by Braydon Coburn.
19:01 of 2nd period - Shot Blocked by Dmitry Kulikov.
19:08 of 2nd period - Icing by Ryan Nugent-Hopkins.
19:09 of 2nd period - Ryan Nugent-Hopkins wins face-off versus Ryan Callahan in Lightning zone.
19:09 of 2nd period - Ryan Nugent-Hopkins is hit by Ben Lovejoy.
19:31 of 2nd period - Wrist shot by Ryan Callahan.
19:31 of 2nd period - Shot Misses the Net.
19:33 of 2nd period - Minor Penalty to Alex Chiasson for Hooking.
19:34 of 2nd period - Brandon Dubinsky wins face-off versus Joe Thornton in Lightning zone.
19:34 of 2nd period - Brandon Dubinsky is hit by Radim Vrbata.
19:54 of 2nd period - Snap shot by Joe Thornton.
19:54 of 2nd period - Stopped by Carey Price with a rebound.
19:56 of 2nd period - Snap shot by Justin Abdelkader.
19:56 of 2nd period - Stopped by Carey Price with a rebound.
Goals for this period are 0 for Lightning vs 0 for Canadiens.
Shots for this period are 1 for Lightning vs 13 for Canadiens.

3rd period


0:01 of 3rd period - Derek MacKenzie wins face-off versus Joe Thornton in neutral zone.
0:25 of 3rd period - Slapshot by Francois Beauchemin.
0:25 of 3rd period - Stopped by Carey Price with a rebound.
0:27 of 3rd period - Slapshot by Alex Goligoski.
0:27 of 3rd period - Stopped by Carey Price with a rebound.
0:29 of 3rd period - Slapshot by Alex Goligoski.
0:29 of 3rd period - Shot Hit the Post.
0:31 of 3rd period - Wrist shot by Radim Vrbata.
0:31 of 3rd period - Shot Misses the Net.
0:33 of 3rd period - Slapshot by Alex Goligoski.
0:33 of 3rd period - Shot Misses the Net.
0:53 of 3rd period - Dmitry Kulikov is hit by Mike Ribeiro and loses puck.
1:33 of 3rd period - Penalty to Alex Chiasson is over, Alex Chiasson is back on ice.
1:39 of 3rd period - Wrist shot by Radim Vrbata.
1:39 of 3rd period - Deflect By Joe Thornton.
1:39 of 3rd period - Shot Misses the Net.
1:39 of 3rd period - Puck is out of play.
1:40 of 3rd period - Joe Thornton wins face-off versus John Mitchell in Lightning zone.
2:23 of 3rd period - Wrist shot by Patrick Eaves.
2:23 of 3rd period - Shot Misses the Net.
4:31 of 3rd period - Minor Penalty to Kevin Bieksa for Slashing.
4:32 of 3rd period - Brandon Dubinsky wins face-off versus Maxim Lapierre in Canadiens zone.
4:52 of 3rd period - Snap shot by Brandon Dubinsky.
4:52 of 3rd period - Shot Misses the Net.
4:54 of 3rd period - Slapshot by Marc Methot.
4:54 of 3rd period - Shot Misses the Net.
5:38 of 3rd period - Dennis Seidenberg is hit by Patric Hornqvist and loses puck.
5:51 of 3rd period - Maxim Lapierre is hit by Ryan Strome.
5:57 of 3rd period - Ryan Suter is hit by Braydon Coburn and loses puck.
6:27 of 3rd period - Wrist shot by Alexander Steen.
6:27 of 3rd period - Shot Blocked by Joe Thornton.
6:29 of 3rd period - Snap shot by Ryan Nugent-Hopkins.
6:29 of 3rd period - Goal by Ryan Nugent-Hopkins - Lightning : 3 - Canadiens : 1.
6:30 of 3rd period - Mike Ribeiro wins face-off versus John Mitchell in neutral zone.
6:58 of 3rd period - Marc Methot is hit by Ryan Callahan.
7:22 of 3rd period - Snap shot by Joe Thornton.
7:22 of 3rd period - Shot Misses the Net.
8:14 of 3rd period - Snap shot by Ryan Nugent-Hopkins.
8:14 of 3rd period - Shot Blocked by Francois Beauchemin.
8:38 of 3rd period - Dennis Seidenberg is hit by Michael Stone and loses puck.
8:49 of 3rd period - Alex Goligoski is hit by John Mitchell and loses puck.
9:33 of 3rd period - Snap shot by Mike Ribeiro.
9:33 of 3rd period - Stopped by Carey Price without a rebound.
9:34 of 3rd period - Ryan Nugent-Hopkins wins face-off versus Joe Thornton in Lightning zone.
9:53 of 3rd period - Snap shot by Alexander Steen.
9:53 of 3rd period - Stopped by Curtis McElhinney without a rebound.
9:54 of 3rd period - Joe Thornton wins face-off versus Ryan Nugent-Hopkins in Canadiens zone.
10:01 of 3rd period - Dmitry Kulikov is hit by Justin Abdelkader.
10:18 of 3rd period - Snap shot by Ondrej Palat.
10:18 of 3rd period - Stopped by Curtis McElhinney with a rebound.
10:20 of 3rd period - Wrist shot by Ondrej Palat.
10:20 of 3rd period - Stopped by Curtis McElhinney with a rebound.
10:22 of 3rd period - Snap shot by Marc Methot.
10:22 of 3rd period - Deflect By Ondrej Palat.
10:22 of 3rd period - Stopped by Curtis McElhinney without a rebound.
10:23 of 3rd period - Brandon Dubinsky wins face-off versus Mike Ribeiro in Canadiens zone.
10:59 of 3rd period - Minor Penalty to Mike Ribeiro for Tripping.
11:00 of 3rd period - Ryan Nugent-Hopkins wins face-off versus Maxim Lapierre in Canadiens zone.
11:32 of 3rd period - Slapshot by Alex Goligoski.
11:32 of 3rd period - Deflect By Gregory Campbell.
11:32 of 3rd period - Shot Misses the Net.
11:32 of 3rd period - Puck is out of play.
11:33 of 3rd period - Brandon Dubinsky wins face-off versus Maxim Lapierre in Lightning zone.
11:52 of 3rd period - Wrist shot by Alexander Steen.
11:52 of 3rd period - Shot Misses the Net.
11:54 of 3rd period - Backhand shot by Alexander Steen.
11:54 of 3rd period - Deflect By Maxim Lapierre.
11:54 of 3rd period - Goal by Alexander Steen - Lightning : 4 - Canadiens : 1.
11:55 of 3rd period - John Mitchell wins face-off versus Mike Ribeiro in neutral zone.
12:02 of 3rd period - Wrist shot by John Mitchell.
12:02 of 3rd period - Shot Misses the Net.
12:04 of 3rd period - Slapshot by Marc Methot.
12:04 of 3rd period - Deflect By Jiri Tlusty.
12:04 of 3rd period - Stopped by Curtis McElhinney with a rebound.
12:10 of 3rd period - Snap shot by Alex Chiasson.
12:10 of 3rd period - Deflect By Jiri Tlusty.
12:10 of 3rd period - Stopped by Curtis McElhinney with a rebound.
12:12 of 3rd period - Snap shot by Dmitry Kulikov.
12:12 of 3rd period - Shot Misses the Net.
12:14 of 3rd period - Slapshot by Dmitry Kulikov.
12:14 of 3rd period - Stopped by Curtis McElhinney without a rebound.
12:15 of 3rd period - John Mitchell wins face-off versus Mike Ribeiro in Canadiens zone.
12:21 of 3rd period - Minor Penalty to Ryan Callahan for Goalie Interference.
12:22 of 3rd period - Maxim Lapierre wins face-off versus Brandon Dubinsky in Canadiens zone.
12:26 of 3rd period - Ryan Strome is hit by Alex Goligoski and loses puck.
12:57 of 3rd period - Slapshot by Ondrej Palat.
12:57 of 3rd period - Goal by Ondrej Palat - Lightning : 5 - Canadiens : 1.
12:58 of 3rd period - Mike Ribeiro wins face-off versus Ryan Nugent-Hopkins in neutral zone.
13:59 of 3rd period - Minor Penalty to Francois Beauchemin for Roughing.
14:00 of 3rd period - Brandon Dubinsky wins face-off versus Maxim Lapierre in Canadiens zone.
14:11 of 3rd period - Slapshot by Ondrej Palat.
14:11 of 3rd period - Shot Blocked by Gregory Campbell.
14:23 of 3rd period - Wrist shot by Ondrej Palat.
14:23 of 3rd period - Deflect By Brandon Dubinsky.
14:23 of 3rd period - Shot Blocked by Alex Goligoski.
14:23 of 3rd period - Puck is out of play.
14:24 of 3rd period - Brandon Dubinsky wins face-off versus Maxim Lapierre in Canadiens zone.
15:59 of 3rd period - Penalty to Francois Beauchemin is over, Francois Beauchemin is back on ice.
17:29 of 3rd period - Marc Methot is hit by Braydon Coburn and loses puck.
18:40 of 3rd period - Brandon Dubinsky is hit by Patrick Dwyer and loses puck.
19:32 of 3rd period - Minor Penalty to Kevin Bieksa for Holding Stick.
19:33 of 3rd period - Ryan Nugent-Hopkins wins face-off versus Maxim Lapierre in Canadiens zone.
Goals for this period are 3 for Lightning vs 0 for Canadiens.
Shots for this period are 10 for Lightning vs 3 for Canadiens.